 Dungeon Crawl Stone Soup version 0.29.1-13-g9f3cf754e1 (webtiles) character file.

Game seed: 2334477782763328684

8819 mikeweasel the Severer (level 11, -11/99 HPs)
             Began as a Hill Orc Monk on Feb 10, 2023.
             Was a Priest of Nemelex Xobeh.
             Killed from afar by a rime drake (20 damage)
             ... with a flash freeze
             ... on level 9 of the Dungeon.
             The game lasted 01:21:46 (9076 turns).

mikeweasel the Severer (Hill Orc Monk)              Turns: 9076, Time: 01:21:48

Health: -11/99     AC: 23    Str: 18 (19) XL:     11   Next: 36%
Magic:  4/12       EV:  4    Int:  9 (10) God:    Nemelex Xobeh [***...]
Gold:   519        SH:  0    Dex: 20      Spells: 10/10 levels left

rFire   + . .      SeeInvis +   o - +2 war axe (flame)
rCold   + . .      Faith    .   (no shield)
rNeg    . . .      Spirit   .   t - +0 gold dragon scales "Vaipap" {rElec rPois rF+ rC+ Dex+7}
rPois   +          Reflect  .   (no helmet)
rElec   +          Harm     .   u - +2 cloak
rCorr   +          Rampage  .   d - +2 pair of gloves
Will    .....      Clarity  +   (no boots)
Stlth   ..........              j - amulet of regeneration
HPRegen 1.06/turn               g - ring of resist corrosion
MPRegen 0.13/turn               z - ring of see invisible

@: no status effects
A: clarity, MP-powered wands
a: Renounce Religion, Draw Escape, Draw Destruction, Draw Summoning, Triple Draw


You were on level 9 of the Dungeon.
You worshipped Nemelex Xobeh.
Nemelex Xobeh was most pleased with you.
You visited 2 branches of the dungeon, and saw 12 of its levels.
You also visited: Ossuary and Bailey.

You collected 519 gold pieces.

Inventory:

Hand Weapons
 o - a +2 war axe of flaming (weapon)
 q - a +0 war axe of venom
Missiles
 h - 2 boomerangs of dispersal
 x - a curare-tipped dart
 y - 4 poisoned darts (quivered)
Armour
 d - a +2 pair of gloves (worn)
 t - the +0 gold dragon scales "Vaipap" (worn) {rElec rPois rF+ rC+ Dex+7}
   (You acquired it on level 7 of the Dungeon)

   Dex:       It affects your dexterity (+7).
   rF:        It protects you from fire.
   rC:        It protects you from cold.
   rElec:     It insulates you from electricity.
   rPois:     It protects you from poison.
 u - a +2 cloak (worn)
Jewellery
 g - a ring of resist corrosion (left hand)
 j - an amulet of regeneration (around neck)
 z - a ring of see invisible (right hand)
Wands
 A - a wand of acid (13)
 B - a wand of paralysis (4)
Scrolls
 a - 3 scrolls of identify
 f - a scroll of fog
 i - 2 scrolls of acquirement
 k - 9 scrolls of teleportation
 n - 3 scrolls of blinking
 p - 2 scrolls of magic mapping
 s - 2 scrolls of fear
 v - 2 scrolls of enchant armour
 w - a scroll of amnesia
Potions
 b - 2 potions of invisibility
 c - a potion of ambrosia
 e - 4 potions of flight
 m - a potion of haste
 r - 2 potions of curing


   Skills:
 + Level 10.0 Fighting
 + Level 15.3 Axes
 + Level 0.9 Throwing
 + Level 9.3 Armour
 + Level 4.6 Dodging
 + Level 3.2 Stealth
 + Level 1.3 Invocations


You had 10 spell levels left.
You didn't know any spells.
Your spell library contained the following spells:

 Spells                   Type           Power      Damage    Failure   Level
 Apportation              Tloc           0%         N/A       100%        1
 Necrotise                Necr           0%         1d4       100%        1
 Summon Small Mammal      Summ           0%         N/A       100%        1
 Ensorcelled Hibernation  Hex/Ice        0%         N/A       100%        2
 Gell's Gravitas          Tloc           0%         N/A       100%        3
 Spider Form              Tmut/Pois      0%         N/A       100%        3
 Teleport Other           Tloc           0%         N/A       100%        3
 Anguish                  Hex/Necr       0%         N/A       100%        4
 Passage of Golubria      Tloc           0%         N/A       100%        4
 Silence                  Hex/Air        0%         N/A       100%        5
 Dispersal                Tloc           0%         N/A       100%        6
 Lehudib's Crystal Spear  Conj/Erth      0%         10d2      100%        8


Dungeon Overview and Level Annotations

Branches:
Dungeon (11/15)            Temple (1/1) D:6         Ossuary (visited)
 Bailey (visited)
   Lair: D:8-11         Orc: D:9-12

Altars:
Ashenzari
Cheibriados
Dithmenos
Elyvilon
Fedhas
Gozag
Hepliaklqana
Kikubaaqudgha
Makhleb
Nemelex Xobeh
Okawaru
Qazlal
Ru
Sif Muna
Trog
Uskayaw
Wu Jian
Xom
Yredelemnul
Zin

Shops:
D:4 :

Annotations:
D:2 1 runed translucent door, Crazy Yiuf


Innate Abilities, Weirdness & Mutations

You possess an exceptional clarity of mind.
You expend magic power (3 MP) to strengthen your wands.


Message History

The yak is almost dead.
You slash the yak! You burn the yak.
You kill the yak!
You barely miss the rime drake. The rime drake bites you.
You barely miss the rime drake. The rime drake bites you.
Okay, then.
You feel better. The rime drake breathes ice at you. The flash freeze hits you!
You partially resist.
You are encased in ice.
You hit the rime drake. You burn the rime drake.
The rime drake is lightly wounded.
The rime drake bites you.
You miss the rime drake.
The rime drake is lightly wounded.
You miss the rime drake.
The rime drake is lightly wounded.
The rime drake bites you.
* * * LOW HITPOINT WARNING * * *
You draw a card...
You have drawn the Cloud.
Clouds appear around you!
The rime drake bites you but does no damage. x2
The rime drake attacks as you move away!
The rime drake bites you but does no damage.
The ice encasing you melts away. The rime drake breathes ice at you.
The flash freeze hits you!! You partially resist.
* * * LOW HITPOINT WARNING * * *
You are encased in ice.
You see here a scroll of vulnerability.
As you read the scroll of summoning, it crumbles to dust.
Wisps of shadow whirl around you... The ice encasing you melts away.
The rime drake bites you but does no damage.
The rime drake attacks as you move away!
The rime drake bites you.
* * * LOW HITPOINT WARNING * * *
The rime drake breathes ice at you. The flash freeze hits you!!
You partially resist.
You die...
Your body glows with a rainbow of weird colours and disappears.

...............................#
.....##...#...#..>.....#.......#
.....###.###..##.......#.#....##
..........#...##.......#######..
..≈....................# ..
~≈≈≈........#..........
≈≈≈≈~.......###.....##..
≈≈≈≈~......###.T........
≈≈≈≈......## ##.@c###.#
.≈≈≈.......####?..#
..≈........§##k..##
..≈........p§pF.##
..~........####.##
#'''####....###..#. ..≈.
#....#.#.... #.~Y #............
..YY #.........####


You could see a rime drake (catching breath, ally target), a human, a friendly
troll (summoned), a friendly bullfrog (summoned) and a friendly centaur
(summoned).

Vanquished Creatures
  A ghost moth (D:9)
  A two-headed ogre (Bailey)
  A sixfirhy (D:9)
  A fire crab (D:9)
  A black mamba (D:9)
  An unseen horror (D:9)
  A troll (D:9)
  Grinder (D:4)
  A hornet (D:9)
  Sigmund (D:3)
  A spriggan (Bailey)
  A wraith (Ossuary)
  7 yaks
  A hog (D:9)
  2 steam dragons
  An acid dragon (D:9)
  A water moccasin (D:8)
  An orc warrior (D:8)
  A sky beast (D:7)
  A black bear (D:6)
  A centaur (D:9)
  3 ogres (Bailey)
  A kobold brigand (D:7)
  3 scorpions
  A wight (D:7)
  2 howler monkeys (D:5)
  An electric eel (D:9)
  3 hounds
  A gnoll bouda (D:7)
  4 orc priests
  A jelly (D:5)
  2 iguanas (D:5)
  4 orc wizards
  A mummy (Ossuary)
  11 gnolls
  9 adders
  3 worms (D:2)
  3 dart slugs
  31 orcs
  5 endoplasms
  2 giant cockroaches
  4 goblins
  10 hobgoblins
  7 jackals
  13 kobolds
  2 quokkas
  9 ball pythons
  7 bats
  4 frilled lizards (D:2)
  6 gnoll skeletons (Ossuary)
  9 kobold skeletons (Ossuary)
  10 orc skeletons (Ossuary)
  8 rats
208 creatures vanquished.

Vanquished Creatures (collateral kills)
  Joseph (D:7)
  Maggie (D:7)
  A spriggan (Bailey)
  An ice beast (D:6)
  A sky beast (D:7)
  An ogre (Bailey)
  A bullfrog (D:7)
  A necrophage (D:7)
  A gnoll sergeant (D:7)
  4 wights (D:7)
  4 orc priests (D:7)
  An iguana (D:7)
  3 orc wizards (D:7)
  5 gnolls (D:7)
  A white imp (D:7)
  9 orcs (D:7)
  A ball python (D:7)
  3 goblins (D:7)
40 creatures vanquished.

Vanquished Creatures (others)
  A wizard (D:9)
  4 toadstools (D:1)
5 creatures vanquished.

Grand Total: 253 creatures vanquished

Notes
Turn   | Place    | Note
-------+----------+-------------------------------------------
     0 | D:1      | mikeweasel the Hill Orc Monk began the quest for the Orb.
     0 | D:1      | Reached XP level 1. HP: 19/19 MP: 1/1
   484 | D:1      | Reached XP level 2. HP: 27/27 MP: 2/2
   963 | D:1      | Found a faded altar of an unknown god.
   972 | D:1      | Reached XP level 3. HP: 33/33 MP: 3/3
  1746 | D:2      | Reached XP level 4. HP: 38/40 MP: 4/4
  1792 | D:2      | Reached skill level 5 in Axes
  1995 | D:2      | Found a bloodstained altar of Trog.
  2298 | D:2      | Found a runed translucent door.
  2299 | D:2      | Noticed Crazy Yiuf
  2862 | D:3      | Noticed Sigmund
  2879 | D:3      | Gained mutation: You expend magic power (3 MP) to
                  | strengthen your wands. [potion of mutation]
  2879 | D:3      | Gained mutation: You possess an exceptional clarity of
                  | mind. [potion of mutation]
  2891 | D:3      | Killed Sigmund
  2892 | D:3      | Reached skill level 5 in Fighting
  2892 | D:3      | Reached skill level 6 in Axes
  2892 | D:3      | Reached XP level 5. HP: 41/48 MP: 5/5
  2892 | D:3      | Reached XP level 6. HP: 48/56 MP: 6/6
  3210 | D:4      | Found a broken altar of Ashenzari.
  3444 | D:4      | Reached skill level 7 in Axes
  3548 | D:4      | Found Gophugif's Self-Improvement Boutique.
  3826 | D:4      | Reached XP level 7. HP: 22/61 MP: 7/7
  3891 | D:4      | Noticed Grinder
  3899 | D:4      | Paralysed by Grinder for 5 turns
  3923 | D:4      | Killed Grinder
  3924 | D:4      | Reached skill level 8 in Axes
  3924 | D:4      | Reached skill level 1 in Armour
  4123 | D:5      | Entered Level 5 of the Dungeon
  4384 | D:5      | Reached XP level 8. HP: 45/70 MP: 8/8
  4474 | D:5      | Reached skill level 9 in Axes
  4707 | D:5      | Found an ancient bone altar of Kikubaaqudgha.
  4898 | D:5      | Found a blossoming altar of Fedhas.
  5535 | D:6      | Found an ornate altar of the Wu Jian Council.
  5658 | D:6      | Found a sand-covered staircase.
  5663 | Ossuary  | Entered an ossuary
  5663 | Ossuary  | Noticed a wraith
  5663 | Ossuary  | Noticed a wraith
  5663 | Ossuary  | Noticed a wraith
  5811 | Ossuary  | Noticed a wraith
  5914 | Ossuary  | Killed a wraith
  6065 | D:6      | Found a staircase to the Ecumenical Temple.
  6098 | D:6      | Reached skill level 10 in Axes
  6105 | Temple   | Entered the Ecumenical Temple
  6267 | Temple   | Became a worshipper of Nemelex Xobeh the Trickster
  6267 | Temple   | Reached * piety under Nemelex Xobeh
  6267 | Temple   | Received a gift from Nemelex Xobeh
  6267 | Temple   | Reached ** piety under Nemelex Xobeh
  6295 | D:6      | Found an opulent altar of Gozag.
  6422 | D:6      | Received a gift from Nemelex Xobeh
  6537 | D:6      | Received a gift from Nemelex Xobeh
  6729 | D:7      | Reached XP level 9. HP: 78/78 MP: 9/9
  6731 | D:7      | Reached skill level 5 in Armour
  6737 | D:7      | Noticed Joseph
  6742 | D:7      | Killed Joseph
  6743 | D:7      | Reached skill level 11 in Axes
  6783 | D:7      | Identified the -2 hand axe "Cippoty" {antimagic, Str+4
                  | Dex+3}
  6839 | D:7      | Noticed Maggie
  6850 | D:7      | Killed Maggie
  6851 | D:7      | Reached skill level 12 in Axes
  7043 | D:7      | Found a flagged portal.
  7052 | Bailey   | Entered a bailey
  7064 | Bailey   | Reached XP level 10. HP: 88/88 MP: 10/10
  7129 | Bailey   | Noticed a two-headed ogre
  7222 | Bailey   | Killed a two-headed ogre
  7478 | D:7      | Identified 3 scrolls of acquirement
  7478 | D:7      | Acquired the +0 gold dragon scales "Vaipap" {rElec rPois
                  | rF+ rC+ Dex+7}
  8075 | D:8      | Reached *** piety under Nemelex Xobeh
  8258 | D:8      | Reached skill level 13 in Axes
  8260 | D:8      | Received a gift from Nemelex Xobeh
  8478 | D:9      | Found a runed translucent door.
  8481 | D:9      | Found a burning altar of Makhleb.
  8481 | D:9      | Noticed a sixfirhy
  8490 | D:9      | Killed a sixfirhy
  8570 | D:9      | You fall into a shaft and drop 2 floors!
  8622 | D:10     | Entered Level 10 of the Dungeon
  8622 | D:10     | Noticed an unseen horror
  8631 | D:9      | Killed an unseen horror
  8632 | D:9      | Reached skill level 14 in Axes
  8652 | D:9      | Found a bloodstained altar of Trog.
  8653 | D:9      | Noticed a wizard
  8658 | D:9      | Killed a wizard
  8992 | D:9      | Noticed a death yak
  9018 | D:9      | Noticed a fire crab
  9018 | D:9      | a yak changed into a fire crab
  9018 | D:9      | Noticed a ghost moth
  9018 | D:9      | a death yak changed into a ghost moth
  9018 | D:9      | Noticed a black mamba
  9018 | D:9      | a yak changed into a black mamba
  9025 | D:9      | Killed a fire crab
  9026 | D:9      | Reached XP level 11. HP: 88/97 MP: 0/11
  9036 | D:9      | Killed a ghost moth
  9037 | D:9      | Reached skill level 15 in Axes
  9037 | D:9      | Reached skill level 1 in Invocations
  9055 | D:9      | Reached skill level 10 in Fighting
  9076 | D:9      | Killed from afar by a rime drake

Illustrated notes

Levels and vault maps discovered:
D:1:      dpeg_arrival_tiny_i, layout_basic, chequers_ecumenical_altar_grove,
          supply_closet_lemuel, minmay_gold_behind_fungi
D:2:      layout_basic, basic_altar, wander_ebering_terrifying_dragon_lair,
          uniq_crazy_yiuf_cottage
D:3:      layout_rooms, minmay_fountain_box, uniq_sigmund
D:4:      layout_basic, mainiacjoe_overflow_brackets, nicolae_shop_self_help,
          uniq_grinder
D:5:      cheibrodos_quashed, layout_loops_corners, fedhas_altar_2,
          kennysheep_mini_moat, fountainhead
D:6:      layout_gridville, pdpol_wu_jian_five_deadly_venoms,
          mainiacjoe_overflow_24_doors, minmay_temple_entry_trees,
          enter_ossuary_5
D:7:      layout_rooms, serial_glass, glass_columns_c, glass_columns_a,
          glass_columns_b, glass_columns_b, glass_columns_a, glass_columns_a,
          due_unseen_surprise, feat_on_display, enter_bailey_3, uniq_joseph,
          uniq_maggie
D:8:      layout_gridville, hangedman_abyss_or_decor_lesser_grid
D:9:      argonaut_augean_stables, layout_cave_pools, nzn_makhleb_speed_demon,
          lemuel_coloured_pillars_altar, trog_wizard, nicolae_vehumet_radiance
D:10:     minmay_the_grid_4x2 [minmay_the_grid_holed_spiral,
          minmay_the_grid_eight, minmay_the_grid_gridbox,
          minmay_the_grid_stretched_grid, minmay_the_grid_minigrid_small_alt,
          minmay_the_grid_dragon_a, minmay_the_grid_x,
          minmay_the_grid_prize_inner_circle], layout_rooms,
          erik_lair_orcish_takeover, orc_david_3, serial_shops, shop,
          minmay_misc_feat_encased, hangedman_glass_teeth, uniq_fannar
D:11:     layout_stronghold, uniq_josephine
Temple:   dshaligram_water_room_temple

Skill      XL: |  1  2  3  4  5  6  7  8  9 10 11 |
---------------+----------------------------------+-----
Fighting       | 4 5 6 8 9 10 | 10.0
Stealth        | 2 3 |  3.2
Axes           | 6 7 8 10 12 14 15 | 15.3
Dodging        | 3 4 |  4.6
Armour         | 2 4 6 8 9 |  9.3
Invocations    | 1 |  1.3
Throwing       | |  0.9

Action                   |  1- 3 |  4- 6 |  7- 9 | 10-12 || total
-------------------------+-------+-------+-------+-------++-------
Melee: Hand axe          |   125 |   250 |       |       ||   375
       Punch             |     2 |     2 |     3 |     2 ||     9
       War axe           |       |    24 |   235 |   191 ||   450
Throw: Boomerang         |       |     9 |     1 |       ||    10
Invok: Draw Destruction  |       |       |     5 |     5 ||    10
       Draw Summoning    |       |       |     5 |       ||     5
       Draw Escape       |       |       |       |     3 ||     3
       Triple Draw       |       |       |       |     1 ||     1
  Use: Scroll            |     3 |     8 |     6 |     6 ||    23
       Potion            |       |     5 |     5 |     1 ||    11
 Stab: Sleeping          |     6 |     2 |       |       ||     8
       Distracted        |       |       |     2 |       ||     2
       Petrifying        |       |       |       |     1 ||     1
Armor: Robe              |    21 |    52 |       |       ||    73
       Ring mail         |       |    17 |    73 |       ||    90
       Gold dragon scale |       |       |       |   137 ||   137
       Acid dragon scale |       |       |       |     9 ||     9
Dodge: Dodged            |    78 |   160 |   106 |    57 ||   401
